Map: Lost and Found LE

Players

Harstem - Winner!

  • Race: Protoss Protoss
  • Spawn Location: 7:00

Clem

  • Race: Terran Terran
  • Spawn Location: 1:00

Event: WCS Valencia 2018

VOD

Have the link to the VOD?

Description

Time

  • Played on: July 12, 2018, 7:21 a.m.
  • Length: 3:14

All games in this series

Show
View Real Time Build Order
Export as new Build Order

Harstem Protoss - Winner!

Build Orders: 1 Gate Expand 

Get SALT Encoding   

  12  0:01  Probe  
  13  0:13  Probe  
  14  0:17  Pylon  
  14  0:24  Probe  
  15  0:32  Probe  
  15  0:35  Assimilator  
  15  0:40  Probe  
  16  0:45  Gateway  
  17  0:51  Probe  
  18  1:03  Probe  
  19  1:15  Probe  
  20  1:21  Nexus  
  20  1:32  Cybernetics Core  
  20  1:35  Probe  
  21  1:44  Assimilator  
  21  1:45  Zealot  
  21  1:47  Pylon  
  23  2:02  Stalker  
  23  2:12  Shield Battery  
  26  2:21  Shield Battery  
  25  2:23  Stalker  
  24  2:31  Probe  
  24  2:35  Probe  
  28  2:43  Probe  
  27  2:47  Probe  
  28  2:51  Shield Battery  
  28  2:55  Probe  
  29  2:59  Probe  
Show
View Real Time Build Order
Export as new Build Order

Clem Terran 

Build Orders:  

Get SALT Encoding   

  12  0:00  SCV  
  13  0:12  SCV  
  14  0:18  Supply Depot  
  14  0:24  SCV  
  15  0:40  Barracks  
  16  0:48  Barracks  
  15  0:53  Refinery  
  15  0:57  SCV  
  16  1:09  SCV  
  18  1:27  Marine  
  18  1:28  Orbital Command  
  18  1:35  Barracks Tech Lab  
  18  1:40  Bunker  
  18  1:45  Marine  
  19  1:48  Supply Depot  
  19  1:55  Marauder  
  19  1:59  Concussive Shells  
  21  2:11  SCV  
  22  2:16  Marauder  
  22  2:21  Bunker  
  24  2:24  SCV  
  24  2:25  Bunker  
  24  2:28  Marine  
  25  2:36  SCV  
  25  2:39  Marauder  
  25  2:48  SCV  
  25  3:00  SCV  
  25  3:01  Supply Depot  
Tags
 
Add a new tag
Caveats
  • Supply blocks, unpowered buildings, or Contaminate may cause inaccurate times.
  • Supply counts are checked every 10 seconds.